 Dungeon Crawl Stone Soup version 0.24.0-125-gc4c63601f3 (webtiles) character file.

Game seed: 9801582320124311250, levelgen mode: deterministic

181324 zedzed the Warrior (level 18, -6/126 HPs)
             Began as a Gargoyle Berserker on Feb 26, 2020.
             Was the Champion of Trog.
             Mangled by a golden dragon simulacrum (47 damage)
             ... in an ice cave on Feb 29, 2020.
             The game lasted 03:16:52 (38154 turns).

zedzed the Warrior (Gargoyle Berserker)            Turns: 38154, Time: 03:16:53

Health: -6/126     AC: 32    Str: 20    XL:     18   Next: 30%
Magic:  6/6        EV: 13    Int: 15    God:    Trog [******]
Gold:   610        SH: 17    Dex:  9    Spells: 17/17 levels left

rFire    + . .     SeeInvis +   R - +9 morningstar "Zojothen" {antimagic, rPois rF+}
rCold    . . .     Gourm    .   x - +1 shield
rNeg     + . .     Faith    .   W - +4 scale mail "Setun" {+Blink MR+}
rPois    ∞         Spirit   .   (no helmet)
rElec    +         Reflect  +   g - scarf {cloud immunity}
rCorr    .         Harm     .   D - +1 pair of gloves
MR       +++..                  H - +2 pair of boots
Stlth    ++........             s - +3 amulet of reflection
HPRegen  0.31/turn              K - ring of protection from magic
MPRegen  0.10/turn              i - ring of see invisible

@: no status effects
A: big wings, negative energy resistance 1, electricity resistance, weak 1,
unbreathing, petrification resistance, rot immunity, AC +13
a: Fly, Berserk, Trog's Hand, Brothers in Arms, Renounce Religion, Evoke Blink


You were in an ice cave.
You worshipped Trog.
Trog was exalted by your worship.
You were not hungry.

You visited 5 branches of the dungeon, and saw 28 of its levels.
You visited 1 bazaar.
You also visited: Ice Cave.

You collected 2878 gold pieces.
You spent 2268 gold pieces at shops.

Inventory:

Hand Weapons
 e - the +6 mace "Killer Bee's Curse" {protect, Int+4}
   (You found it on level 5 of the Dungeon)

   It grants its wielder temporary protection when it strikes (+7 to AC).
   It affects your intelligence (+4).
 q - the +3 mace of Oqaf {crush, *Noise rF++ MR- Int+8}
   (You took it off a deep elf mage on level 1 of the Elven Halls)

   It inflicts extra damage upon your enemies.
   It affects your intelligence (+8).
   It greatly protects you from fire.
   It affects your resistance to hostile enchantments.
   It may make noises in combat.
 y - a +4 mace of holy wrath
 Q - a +3 mace of holy wrath
 R - the +9 morningstar "Zojothen" (weapon) {antimagic, rPois rF+}
   (You found it on level 12 of the Dungeon)

   It reduces the magical energy of the wielder, and disrupts the spells and
   magical abilities of those hit.
   Natural abilities and divine invocations are not affected.
   It protects you from fire.
   It protects you from poison.
Missiles
 a - 12 boomerangs of dispersal
 p - 8 javelins
 z - 70 poisoned darts (quivered)
 I - 6 silver javelins
 M - a throwing net
 Y - 17 sling bullets
Armour
 g - a scarf of cloud immunity (worn)
 j - a +1 scale mail of fire resistance
 x - a +1 shield (worn)
 A - a +1 cloak of poison resistance
 D - a +1 pair of gloves (worn)
 H - a +2 pair of boots (worn)
 W - the +4 scale mail "Setun" (worn) {+Blink MR+}
   (You found it on level 12 of the Dungeon)

   It affects your resistance to hostile enchantments.
   It lets you blink.
 Z - the +0 hat of Incorporation {rC- Str+2 Slay+4}
   (You found it on level 12 of the Dungeon)

   It affects your strength (+2).
   It affects your accuracy and damage with ranged weapons and melee attacks
   (+4).
   It makes you vulnerable to cold.
Jewellery
 i - a ring of see invisible (right hand)
 s - a +3 amulet of reflection (around neck)
 B - a +4 ring of intelligence
 K - a ring of protection from magic (left hand)
 L - an uncursed ring of magical power
 U - an uncursed amulet of regeneration
 X - an uncursed ring of wizardry
Wands
 b - a wand of acid (27)
 v - a wand of enslavement (19)
 w - a wand of disintegration (38)
 C - a wand of scattershot (5)
 O - a wand of digging (3)
 P - a wand of iceblast (9)
 V - a wand of clouds (1)
Scrolls
 d - 15 scrolls of identify
 h - 3 scrolls of fog
 l - 2 scrolls of magic mapping
 n - 12 scrolls of remove curse
 o - 4 scrolls of fear
 r - 6 scrolls of teleportation
 t - 2 scrolls of enchant weapon
 F - 6 scrolls of blinking
Potions
 f - 3 potions of haste
 k - 2 potions of agility
 m - 6 potions of curing
 u - a potion of invisibility
 E - 7 potions of heal wounds
 G - 3 potions of magic
 J - 2 potions of cancellation
 N - a potion of resistance
 S - a potion of brilliance
 T - 2 potions of might
Comestibles
 c - 25 rations


   Skills:
 * Level 18.3 Fighting
 - Level 16.2 Maces & Flails
 - Level 8.1 Throwing
 - Level 11.6 Armour
 - Level 8.0 Dodging
 + Level 6.9 Stealth
 - Level 15.0 Shields


You had 17 spell levels left.
You didn't know any spells.
Your spell library contained the following spells:

 Spells                   Type           Power        Failure   Level  Hunger
 Flame Tongue             Conj/Fire      #....        52%         1    ##.....
 Shock                    Conj/Air       #...         52%         1    ##.....
 Summon Small Mammal      Summ           #...         52%         1    ##.....
 Blink                    Tloc           N/A          67%         2    ###....
 Shroud of Golubria       Chrm/Tloc      #.....       67%         2    ###....
 Swiftness                Chrm/Air       #.......     67%         2    ###....
 Throw Flame              Conj/Fire      #.....       67%         2    ###....
 Call Canine Familiar     Summ           #.......     88%         3    ####...
 Conjure Flame            Conj/Fire      #.......     88%         3    ####...
 Gell's Gravitas          Tloc           #.........   88%         3    ####...
 Inner Flame              Hex/Fire       #.......     88%         3    ####...
 Lesser Beckoning         Tloc           #.........   88%         3    ####...
 Static Discharge         Conj/Air       #.......     88%         3    ####...
 Teleport Other           Tloc           #.......     88%         3    ####...
 Airstrike                Air            #.........   99%         4    #####..
 Passage of Golubria      Tloc           N/A          99%         4    #####..
 Sticky Flame             Conj/Fire      #.......     99%         4    #####..
 Fireball                 Conj/Fire      #.........   100%        5    ######.
 Irradiate                Conj/Tmut      #.........   100%        5    ######.
 Lightning Bolt           Conj/Air       #.........   100%        5    ######.
 Summon Forest            Summ/Tloc      #.........   100%        5    ######.
 Hydra Form               Tmut           #.........   100%        6    #######
 Iron Shot                Conj/Erth      #.........   100%        6    #######
 Dragon Form              Tmut           #.........   100%        7    #######
 Malign Gateway           Summ/Tloc      #.........   100%        7    #######
 Monstrous Menagerie      Summ           #.........   100%        7    #######
 Summon Greater Demon     Summ           #.........   100%        7    #######
 Summon Horrible Things   Summ           #.........   100%        8    #######
 Statue Form              Tmut/Erth      Unusable     N/A         6    N/A

Dungeon Overview and Level Annotations

Branches:
Dungeon (15/15)            Temple (0/1) D:6            Lair (6/6) D:8
 Shoals (0/4) Lair:2        Snake (2/4) Lair:4        Slime (0/5) Lair:6
    Orc (2/2) D:9             Elf (3/3) Orc:2        Vaults (0/5) D:14
 Depths (0/5) D:15          IceCv (1/1)

Altars:
Cheibriados
Elyvilon
Gozag
Hepliaklqana
Nemelex Xobeh
Ru
Trog
Uskayaw
Vehumet
Xom
Zin
Beogh
Jiyva

Shops:
D:12 (?!   Orc:2 }(%[

Annotations:
D:7 exclusion: ice statue
D:11 2 transporters, KrasnyyBoyets's ghost, journeyman HaAs
D:14 exclusion: obsidian statue
Snake:2 Vashnia


Innate Abilities, Weirdness & Mutations

You are resistant to torment.
Your stone body is resilient. (AC +13)
You are immune to poison.
Your large and strong wings let you fly indefinitely.
You resist negative energy. (rN+)
You are resistant to electric shocks. (rElec)
You can survive without breathing.
You are immune to petrification.
You are immune to rotting.
You are weak. (Str -2)


Message History

The eight-headed hydra simulacrum freezes you!
The eight-headed hydra simulacrum bites you but does no damage.
The eight-headed hydra simulacrum closely misses you.
You block the eight-headed hydra simulacrum's attack.
The eight-headed hydra simulacrum bites you but does no damage.
You block the eight-headed hydra simulacrum's attack.
You bludgeon the eight-headed hydra simulacrum!!
The eight-headed hydra simulacrum vapourises!
Trog accepts your kill.
You hit the golden dragon simulacrum but do no damage.
You hit the golden dragon simulacrum but do no damage.
The golden dragon simulacrum bites you but does no damage.
You block the golden dragon simulacrum's attack.
The golden dragon simulacrum tramples you but does no damage.
You hit the golden dragon simulacrum but do no damage.
You hit the golden dragon simulacrum.
The golden dragon simulacrum is lightly damaged.
The golden dragon simulacrum bites you!
The golden dragon simulacrum freezes you!!!
You die...

##### .### ####...###
Z..## ###....#...##
.1ZZ#
##.....####..###.Z4#
###.....#####..##..Z#
#....#####.#.###4○###
....## #.⌠...###4.#
..### ##...#.#Z###
######### ######@##
..##....### ###
##....#...###
#######....###
####...## # ##...####
### ##.....## ..#
##.....#.##
.##########....####.##


You could see an ice devil and a golden dragon simulacrum.

Vanquished Creatures
  Jorgrun (Orc:1)
  4 deep elf blademasters
  Gastronok (Lair:1)
  4 deep elf sorcerers
  An orc warlord (Orc:2)
  The ghost of Ycoubaej the Sharpshooter, a journeyman KoHu of Okawaru (D:12)
  2 deep elf demonologists (Elf:1)
  Azrael (D:15)
  4 deep elf annihilators
  A naga warrior (Snake:1)
  A rakshasa (D:15)
  5 hydras
  2 death knights
  2 centaur warriors (D:13)
  6 two-headed ogres
  24 dancing weapons
  11 death yaks
  An orc high priest (Orc:1)
  Urug (D:14)
  2 shock serpents (Snake:1)
  10 deep elf knights
  2 naga sharpshooters (Snake:1)
  2 unseen horrors
  A glowing orange brain (D:15)
  An unseen horror (shapeshifter) (Elf:1)
  14 deep elf archers
  A lindwurm (Lair:6)
  A wizard (D:14)
  3 mana vipers (Snake:1)
  A necromancer (D:12)
  4 ugly things
  An oklob plant (D:10)
  A manticore (D:12)
  80 deep elf magi
  3 orc sorcerers (Orc:1)
  2 salamanders (Snake:1)
  5 cyclopes
  A guardian serpent (shapeshifter) (D:15)
  A gargoyle (D:11)
  A spiny frog (shapeshifter) (D:15)
  A naga mage (Snake:1)
  2 molten gargoyles (Lair:6)
  9 black mambas
  A torpor snail (Lair:4)
  11 spiny frogs
  3 kobold demonologists (D:13)
  5 rime drakes
  5 ice devils (IceCv)
  8 komodo dragons
  2 anaconda simulacra (IceCv)
  2 freezing wraiths (IceCv)
  5 trolls
  3 hornets
  2 polar bears
  6 slime creatures (D:15)
  10 hippogriffs
  2 dream sheep (D:8)
  11 blink frogs
  A meliai zombie (D:12)
  4 flying skulls (D:12)
  2 shadows (D:12)
  34 yaks
  3 vampires
  4 wyverns
  Sigmund (D:6)
  2 air elementals (Elf:1)
  14 humans
  4 water elementals
  2 dire elephant simulacra (IceCv)
  5 wraiths
  5 basilisks
  2 steam dragons
  A hungry ghost (D:13)
  5 fire elementals
  A human (shapeshifter) (Elf:1)
  A death yak simulacrum (IceCv)
  Menkaure (D:4)
  3 iron troll simulacra (IceCv)
  17 water moccasins
  Edmund (D:6)
  A soldier ant (D:11)
  7 harpy simulacra (IceCv)
  6 nagas (Snake:1)
  2 wargs
  3 hydra simulacra (IceCv)
  An acid dragon (D:15)
  6 porcupines
  4 sky beasts
  7 hell hounds
  A black bear (shapeshifter) (Elf:2)
  2 ice beasts
  A hornet zombie (D:8)
  2 eyes of draining
  12 ogres
  4 black bears
  22 orc warriors
  2 phantoms
  14 centaurs
  7 wolves
  16 crocodiles
  8 big kobolds
  4 earth elementals (Elf:1)
  25 bullfrogs
  A water moccasin zombie (D:8)
  A wyvern zombie (D:12)
  2 wyvern skeletons (D:12)
  6 scorpions
  2 wights (D:12)
  An elephant simulacrum (IceCv)
  4 electric eels
  7 crimson imps
  4 centaur zombies
  5 lava snakes (Lair:6)
  5 bullfrog zombies
  A draconian simulacrum (IceCv)
  6 hounds
  A quasit (D:6)
  15 orc priests
  Crazy Yiuf (D:5)
  8 bullfrog skeletons
  4 jellies
  10 centaur skeletons
  Ijyb (D:3)
  6 iguanas
  13 orc wizards
  A spriggan simulacrum (IceCv)
  6 troll simulacra (IceCv)
  5 worker ants
  A polar bear simulacrum (IceCv)
  A centaur simulacrum (IceCv)
  A hound zombie (D:9)
  2 hound skeletons
  A worker ant zombie (D:6)
  Robin (D:2)
  A howler monkey zombie (D:8)
  A gnoll (D:2)
  21 adders
  4 ogre simulacra (IceCv)
  2 naga simulacra (IceCv)
  A shadow imp (D:13)
  9 white imps
  3 ufetubi (IceCv)
  2 adder skeletons
  2 worms (D:2)
  2 leopard geckos
  90 orcs
  7 bats
  6 giant cockroaches
  17 goblins
  16 hobgoblins
  5 jackals
  24 kobolds
  A quokka (D:4)
  6 frilled lizards
  A leopard gecko skeleton (D:4)
  A quokka skeleton (D:9)
  9 rats
  3 plants
925 creatures vanquished.

Vanquished Creatures (collateral kills)
  Saint Roka (Orc:2)
  Rupert (Lair:5)
  Agnes (Snake:1)
  Donald (Orc:2)
  A deep elf high priest (Elf:2)
  A fire dragon (Lair:6)
  2 hydras
  3 dancing weapons (Elf:2)
  A two-headed ogre (D:14)
  A tengu warrior (D:14)
  An orc high priest (Orc:2)
  A deep elf knight (Elf:2)
  A fire crab (shapeshifter) (D:15)
  A deep elf mage (Elf:2)
  An orc knight (Orc:2)
  An orc sorcerer (Orc:2)
  An ice statue (IceCv)
  2 freezing wraiths (D:14)
  An ice devil (IceCv)
  A rime drake (Lair:5)
  A komodo dragon (Lair:6)
  A tengu conjurer (D:14)
  2 wraiths (D:14)
  2 yaks (Lair:5)
  2 humans (D:14)
  7 orc warriors
  An ogre (Orc:2)
  2 orc priests (Orc:2)
  3 orc wizards (Orc:2)
  11 orcs
56 creatures vanquished.

Vanquished Creatures (others)
  A deep elf master archer (Elf:1)
  Nessos (D:14)
  An unseen horror (D:12)
  A queen bee (shapeshifter) (D:15)
  2 water elementals
  2 centaurs
  A worker ant (D:14)
  An adder (D:12)
  26 fungi
  32 plants
68 creatures vanquished.

Grand Total: 1049 creatures vanquished

Notes
Turn   | Place    | Note
-------+----------+-------------------------------------------
     0 | D:1      | zedzed the Gargoyle Berserker began the quest for the Orb.
     0 | D:1      | Reached XP level 1. HP: 14/14 MP: 1/1
   210 | D:1      | Reached XP level 2. HP: 17/19 MP: 2/2
   537 | D:1      | Reached ** piety under Trog
   579 | D:1      | Found a sparkling altar of Nemelex Xobeh.
   689 | D:1      | Reached XP level 3. HP: 24/24 MP: 3/3
   837 | D:1      | Reached skill level 4 in Fighting
   938 | D:2      | Noticed Robin
  1699 | D:2      | Reached XP level 4. HP: 21/30 MP: 4/4
  2266 | D:2      | Found a shimmering altar of Xom.
  2347 | D:2      | Killed Robin
  2479 | D:2      | Reached XP level 5. HP: 34/34 MP: 5/5
  2721 | D:3      | Found a hazy altar of Hepliaklqana.
  2779 | D:3      | Noticed Ijyb
  2885 | D:3      | Reached skill level 5 in Fighting
  2919 | D:3      | Killed Ijyb
  3507 | D:3      | Reached *** piety under Trog
  3508 | D:3      | Reached skill level 5 in Maces & Flails
  3536 | D:3      | Reached XP level 6. HP: 36/40 MP: 6/6
  4010 | D:4      | Reached skill level 6 in Fighting
  4151 | D:4      | Reached XP level 7. HP: 41/47 MP: 7/7
  4223 | D:4      | Noticed Menkaure
  4348 | D:4      | Killed Menkaure
  4572 | D:5      | Entered Level 5 of the Dungeon
  4650 | D:5      | Found a radiant altar of Vehumet.
  5123 | D:5      | Found a shimmering altar of Xom.
  5150 | D:5      | Reached skill level 7 in Fighting
  5284 | D:5      | Found a runed translucent door.
  5285 | D:5      | Noticed Crazy Yiuf
  5292 | D:5      | Killed Crazy Yiuf
  5302 | D:5      | Got a translucent mace
  5308 | D:5      | Identified the +6 mace "Killer Bee's Curse" {protect,
                  | Int+4} (You found it on level 5 of the Dungeon)
  5600 | D:6      | Reached XP level 8. HP: 52/53 MP: 8/8
  5630 | D:6      | Noticed Edmund
  5650 | D:6      | Killed Edmund
  5650 | D:6      | Reached **** piety under Trog
  5842 | D:6      | Noticed a yak
  5842 | D:6      | Noticed a yak
  5879 | D:6      | Killed a yak
  5879 | D:6      | Reached skill level 8 in Fighting
  5886 | D:6      | Killed a yak
  5890 | D:6      | Noticed a yak
  5890 | D:6      | Noticed a yak
  5890 | D:6      | Noticed a yak
  5919 | D:6      | Killed a yak
  5925 | D:6      | Killed a yak
  5925 | D:6      | Reached skill level 9 in Fighting
  5933 | D:6      | Killed a yak
  5933 | D:6      | Reached XP level 9. HP: 45/60 MP: 9/9
  6105 | D:6      | Found a staircase to the Ecumenical Temple.
  6123 | D:6      | Noticed Sigmund
  6220 | D:6      | Killed Sigmund
  6776 | D:7      | Noticed an ice statue
  7586 | D:8      | Reached skill level 10 in Fighting
  7755 | D:8      | Found a staircase to the Lair.
  7867 | D:8      | Found a hide-covered altar of Uskayaw.
  7898 | D:8      | Reached skill level 10 in Maces & Flails
  7907 | D:8      | Reached skill level 11 in Fighting
  7907 | D:8      | Reached XP level 10. HP: 44/69 MP: 10/10
  8081 | D:8      | Found a glowing silver altar of Zin.
  8081 | D:8      | Found a snail-covered altar of Cheibriados.
  8081 | D:8      | Found a white marble altar of Elyvilon.
  8372 | D:8      | Noticed a three-headed hydra
  8388 | D:8      | Killed a three-headed hydra
  8647 | Lair:1   | Entered Level 1 of the Lair of Beasts
  8660 | Lair:1   | Reached skill level 12 in Fighting
  8760 | Lair:1   | Noticed a spiny frog
  8771 | Lair:1   | Killed a spiny frog
  9087 | Lair:1   | Found a sparkling altar of Nemelex Xobeh.
  9198 | Lair:1   | Noticed Gastronok
  9228 | Lair:1   | Killed Gastronok
  9228 | Lair:1   | Reached XP level 11. HP: 41/76 MP: 11/11
 11016 | Lair:2   | Found a staircase to the Shoals.
 11441 | Lair:3   | Found a white marble altar of Elyvilon.
 12411 | Lair:3   | Reached XP level 12. HP: 72/81 MP: 12/12
 12924 | Lair:4   | Reached skill level 5 in Dodging
 12936 | Lair:4   | Reached skill level 1 in Shields
 13329 | Lair:4   | Found a staircase to the Snake Pit.
 13569 | Lair:4   | Reached ***** piety under Trog
 14411 | Lair:5   | Noticed a four-headed hydra
 14417 | Lair:5   | Killed a four-headed hydra
 14435 | Lair:5   | Reached skill level 5 in Shields
 14461 | Lair:5   | Noticed a death yak
 14477 | Lair:5   | Killed a death yak
 14517 | Lair:5   | Noticed a death yak
 14517 | Lair:5   | Noticed a death yak
 14521 | Lair:5   | Noticed a death yak
 14525 | Lair:5   | Noticed a death yak
 14528 | Lair:5   | Noticed a death yak
 14536 | Lair:5   | Killed a death yak
 14544 | Lair:5   | Killed a death yak
 14555 | Lair:5   | Killed a death yak
 14881 | Lair:5   | Killed a death yak
 14923 | Lair:5   | Killed a death yak
 15113 | Lair:5   | Reached XP level 13. HP: 79/87 MP: 13/13
 15596 | Lair:5   | Reached skill level 13 in Fighting
 15836 | Lair:5   | Noticed Rupert
 15862 | Lair:5   | Killed Rupert
 16131 | Lair:6   | Entered Level 6 of the Lair of Beasts
 16131 | Lair:6   | Found an opulent altar of Gozag.
 17235 | Lair:6   | Found a large runed translucent door.
 17235 | Lair:6   | Found a large runed translucent door.
 17242 | Lair:6   | Noticed a fire dragon
 17283 | Lair:6   | Reached skill level 10 in Shields
 17530 | Lair:6   | Killed a fire dragon
 18658 | Lair:6   | Gained mutation: Your large and strong wings let you fly
                  | indefinitely. [Gargoyle growth]
 18658 | Lair:6   | Reached XP level 14. HP: 81/95 MP: 14/14
 19090 | Lair:6   | Found a viscous altar of Jiyva.
 19090 | Lair:6   | Found a staircase to the Slime Pits.
 19799 | D:9      | Found a staircase to the Orcish Mines.
 20300 | D:10     | Entered Level 10 of the Dungeon
 20609 | D:10     | Found a bloodstained altar of Trog.
 21407 | D:11     | Received a gift from Trog
 21939 | D:11     | Found a transporter.
 21939 | D:11     | Noticed KrasnyyBoyets's ghost (journeyman HaAs)
 21961 | D:11     | Found a transporter.
 22616 | D:12     | Found Vechuam's Distillery.
 22619 | D:12     | Bought a potion of degeneration for 14 gold pieces
 22619 | D:12     | Bought a potion of invisibility for 112 gold pieces
 22619 | D:12     | Bought a potion of haste for 140 gold pieces
 22779 | D:12     | Reached skill level 14 in Fighting
 22891 | D:12     | Got an ancient morningstar
 22894 | D:12     | Got a faintly glowing scale mail
 22933 | D:12     | Identified the +4 scale mail "Setun" {+Blink MR+} (You
                  | found it on level 12 of the Dungeon)
 22938 | D:12     | Identified the +9 morningstar "Zojothen" {antimagic, rPois
                  | rF+} (You found it on level 12 of the Dungeon)
 22954 | D:12     | Identified the +6 trident "Ivame" {pierce, Int+3}
 22954 | D:12     | Noticed Ycoubaej's ghost (journeyman KoHu)
 22957 | D:12     | Found a runed translucent gate.
 22957 | D:12     | Found a runed translucent gate.
 22958 | D:12     | Found a runed translucent gate.
 22958 | D:12     | Found a roughly hewn altar of Beogh.
 23013 | D:12     | Killed Ycoubaej's ghost
 23187 | D:12     | Got a fine morningstar
 23188 | D:12     | Identified the +7 morningstar "Ododuet" {drain, rF++ SInv}
                  | (You found it on level 12 of the Dungeon)
 23215 | D:12     | Got a warped hat
 23226 | D:12     | Identified the +0 hat of Incorporation {rC- Str+2 Slay+4}
                  | (You found it on level 12 of the Dungeon)
 23453 | Orc:1    | Entered Level 1 of the Orcish Mines
 23551 | Orc:2    | Entered Level 2 of the Orcish Mines
 23571 | Orc:2    | Found a staircase to the Elven Halls.
 23589 | Orc:2    | Noticed Donald
 23598 | Orc:2    | Killed Donald
 23742 | Orc:2    | Noticed Saint Roka
 24152 | Orc:2    | Found a roughly hewn altar of Beogh.
 24169 | Orc:2    | Found Maisad's Food Shoppe.
 24207 | Orc:2    | Killed Saint Roka
 24207 | Orc:2    | Reached skill level 10 in Armour
 24217 | Orc:2    | Found a roughly hewn altar of Beogh.
 24258 | Orc:2    | Found Ynwuff's Gadget Shoppe.
 24370 | Orc:2    | Noticed an orc warlord
 24383 | Orc:2    | Killed an orc warlord
 24383 | Orc:2    | Reached XP level 15. HP: 35/101 MP: 5/15
 24414 | Orc:2    | Found Peylun's Antique Weapon Shop.
 24417 | Orc:2    | Found a roughly hewn altar of Beogh.
 24420 | Orc:2    | Found Buoll's Antique Armour Boutique.
 24505 | Orc:2    | Bought a slimy chain mail for 209 gold pieces
 24505 | Orc:2    | Bought a warped buckler for 209 gold pieces
 24515 | Orc:2    | Identified the cursed -2 buckler "Arut" {Int+4} (You bought
                  | it in a shop on level 2 of the Orcish Mines)
 24525 | Orc:2    | Identified the +5 chain mail of the Garden {-Tele rN++}
                  | (You bought it in a shop on level 2 of the Orcish Mines)
 24615 | Orc:1    | Noticed Jorgrun
 24704 | Orc:1    | Killed Jorgrun
 24978 | Orc:2    | Found a roughly hewn altar of Beogh.
 25167 | Orc:1    | You fall into a shaft and drop 1 floor!
 25443 | Snake:1  | Entered Level 1 of the Snake Pit
 25837 | Snake:1  | Noticed Agnes
 25854 | Snake:1  | Killed Agnes
 26411 | Snake:2  | Noticed Vashnia
 26422 | Snake:1  | Reached skill level 15 in Shields
 27590 | D:12     | Reached skill level 15 in Fighting
 27722 | D:12     | Received a gift from Trog
 27763 | D:12     | Got a fine double sword {god gift}
 27764 | D:12     | Identified the +5 double sword of the Sky {speed, *Contam
                  | rF+++ MR- Str+3} (Trog gifted it to you on level 12 of the
                  | Dungeon)
 27803 | D:12     | Gained mutation: You are weak. (Str -2) [mutagenic glow]
 27883 | D:12     | Found Xieliuno's Magic Scroll Emporium.
 27892 | D:12     | Bought a scroll of acquirement for 780 gold pieces
 27892 | D:12     | Bought a scroll of identify for 30 gold pieces
 27892 | D:12     | Bought a scroll of identify for 30 gold pieces
 27892 | D:12     | Bought a scroll of identify for 30 gold pieces
 27956 | D:12     | Found Quciecw Qoirch's Antique Weapon Shop.
 28396 | D:13     | Reached skill level 16 in Fighting
 28809 | D:14     | Found a gate to the Vaults.
 28809 | D:14     | Noticed Urug
 28809 | D:14     | Noticed Nessos
 29121 | D:14     | Killed Nessos
 29424 | D:14     | Killed Urug
 29516 | D:14     | Reached XP level 16. HP: 112/112 MP: 5/16
 29899 | D:15     | Entered Level 15 of the Dungeon
 29914 | D:15     | Reached skill level 17 in Fighting
 30234 | D:15     | Noticed Azrael
 30247 | D:15     | Killed Azrael
 30571 | D:15     | Found a sacrificial altar of Ru.
 30849 | D:15     | Found a staircase to the Depths.
 31099 | Elf:1    | Entered Level 1 of the Elven Halls
 31165 | Elf:1    | Reached skill level 18 in Fighting
 31178 | Elf:1    | Found a huge runed gate.
 31178 | Elf:1    | Found a huge runed gate.
 31179 | Elf:1    | Found a huge runed gate.
 31179 | Elf:1    | Found a huge runed gate.
 31180 | Elf:1    | Found a huge runed gate.
 31180 | Elf:1    | Found a huge runed gate.
 31181 | Elf:1    | Found a huge runed gate.
 31182 | Elf:1    | Found a huge runed gate.
 31191 | Elf:1    | Found a huge runed gate.
 31192 | Elf:1    | Found a huge runed gate.
 31193 | Elf:1    | Found a huge runed gate.
 31194 | Elf:1    | Found a huge runed gate.
 31195 | Elf:1    | Found a huge runed gate.
 31199 | Elf:1    | Received a gift from Trog
 31200 | Elf:1    | Found a huge runed gate.
 31203 | Elf:1    | Got a blackened dagger {god gift}
 31204 | Elf:1    | Identified the +1 dagger "Boger" {antimagic, +Rage rC+ MR+
                  | SInv Stlth+} (Trog gifted it to you on level 1 of the Elven
                  | Halls)
 31219 | Elf:1    | Noticed a deep elf blademaster
 31219 | Elf:1    | Noticed a deep elf blademaster
 31219 | Elf:1    | Noticed a deep elf blademaster
 31220 | Elf:1    | Noticed a deep elf master archer
 31382 | Elf:1    | Found a flickering gateway to a bazaar.
 31392 | Bazaar   | Entered a bazaar
 31410 | Bazaar   | Found Elyqeypp's Armour Shoppe.
 31410 | Bazaar   | Found Alesu's Magic Scroll Emporium.
 31420 | Bazaar   | Bought a scroll of enchant armour for 90 gold pieces
 31444 | Bazaar   | Found Cum Meas's Magic Scroll Shoppe.
 31444 | Bazaar   | Found Ruhiz's Antique Armour Emporium.
 31505 | Bazaar   | Bought a scroll of acquirement for 624 gold pieces
 31590 | Elf:1    | Reached skill level 1 in Throwing
 31611 | Elf:1    | Killed a deep elf blademaster
 31696 | Elf:1    | Killed a deep elf blademaster
 31983 | Elf:1    | Killed a deep elf master archer
 32009 | Elf:1    | Killed a deep elf blademaster
 32747 | Elf:1    | Reached skill level 15 in Maces & Flails
 33059 | Elf:1    | Reached XP level 17. HP: 119/119 MP: 5/17
 33097 | Elf:1    | Identified the +3 mace of Oqaf {crush, *Noise rF++ MR-
                  | Int+8}
 33111 | Elf:1    | Received a gift from Trog
 33792 | Elf:1    | Reached skill level 5 in Throwing
 33838 | Elf:1    | Identified the Reference Book on Attacks and Calling
 33994 | Elf:2    | Received a gift from Trog
 34320 | Elf:2    | Found a runed translucent gate.
 34320 | Elf:2    | Found a runed translucent gate.
 34832 | Elf:2    | Found a runed translucent gate.
 35426 | Elf:2    | Received a gift from Trog
 35475 | Elf:2    | Reached ****** piety under Trog
 35485 | Elf:2    | Reached skill level 1 in Stealth
 35972 | Elf:2    | Noticed a deep elf blademaster
 36009 | Elf:2    | Killed a deep elf blademaster
 36009 | Elf:2    | Reached XP level 18. HP: 40/125 MP: 6/18
 36330 | Elf:2    | Reached skill level 5 in Stealth
 36689 | Elf:3    | Entered Level 3 of the Elven Halls
 36704 | Elf:3    | Received a gift from Trog
 37109 | Elf:3    | Found a frozen archway.
 37139 | IceCv    | Entered an ice cave
 37255 | IceCv    | Received a gift from Trog
 37642 | IceCv    | Received a gift from Trog
 38109 | IceCv    | Noticed an Ice Fiend
 38154 | IceCv    | Mangled by a golden dragon simulacrum

Levels and vault maps discovered:
D:1:      dpeg_arrival_more_subterranean_lakeside_camping, layout_loops_ring,
          serial_park_tiny_1, nemelex_diamond_rough_becter
D:2:      minmay_razor_zed, layout_loops_corners, lemuel_round_altar, uniq_robin
D:3:      cheibrodos_helix_gallery, layout_basic, lemuel_doored_altar,
          small_statue_intersection, uniq_ijyb
D:4:      layout_gridville, first_ration, uniq_menkaure
D:5:      layout_cave_pods, basic_altar, led_xom_imps, uniq_crazy_yiuf_cottage
D:6:      layout_loops_ring, temple_fountains, uniq_sigmund, uniq_edmund
D:7:      lemuel_ice_statue, layout_basic
D:8:      layout_cave_pools, grunt_temple_overflow_open,
          due_lair_maze_entry_diamond, hangedman_ranch [blue_anna_fruit_fields]
D:9:      layout_basic, david_orc_2, minmay_starry_boxes
D:10:     layout_irregular_city, lemuel_oklob_altar
D:11:     layout_cross, gammafunk_ghost_stat_death
D:12:     hangedman_screamer, layout_basic, biasface_ghost_orc_armoury,
          serial_shops, nicolae_shop_behind_doors, shop, nicolae_shop_trees,
          lemuel_flamethrower_hall
D:13:     layout_loops_ring
D:14:     layout_cave_pools, david_vaults_3, minmay_misc_feat_alley,
          minmay_misc_feat_enclosed, hangedman_devilish_allure
D:15:     gammafunk_enter_depths_forms, layout_loops_ring,
          nicolae_ru_sacrificial_ziggurat, uniq_azrael
Lair:1:   layout_cave_pods, basic_altar, chequers_serial_rivers_room_b,
          uniq_gastronok
Lair:2:   layout_regular_city, shoals_dummy_entry, beast_lair_carwin_2,
          infiniplex_staircase_pool
Lair:3:   layout_gridlike, basic_altar, grunt_megastairs_5
Lair:4:   layout_roguey, minmay_snake_entry_six_corridors,
          hangedman_lair_unloving_vines, st_stairs_5
Lair:5:   layout_roguey, st_stairs_4, uniq_rupert
Lair:6:   cheibrodos_lair_end_hotspot, layout_concentric_octagons,
          dpeg_slime_entry_enclosed_altar, basic_altar
Snake:1:  layout_gridlike, uniq_agnes
Snake:2:  layout_concentric_octagons, uniq_vashnia
Orc:1:    layout_caves, uniq_jorgrun
Orc:2:    grunt_orc_community_town_hall, layout_caves,
          grunt_orc_community_big_house_2, grunt_orc_community_big_house_1,
          grunt_orc_community_house_3, grunt_orc_community_house_3,
          grunt_orc_community_house_3, grunt_orc_community_house_3, basic_altar,
          uniq_saint_roka, uniq_donald
Elf:1:    minmay_the_grid_octo_tiled_octocenter [minmay_the_grid_octo_focus,
          minmay_the_grid_octo_toaster, minmay_the_grid_octo_teeth,
          minmay_the_grid_octo_thin_diamonds, minmay_the_grid_octo_prize_star,
          minmay_the_grid_square_5x5_fancy_junction,
          minmay_the_grid_square_5x5_eight,
          minmay_the_grid_square_5x5_almost_minimal,
          minmay_the_grid_square_5x5_minibox], layout_loops_ring, serial_shops,
          bzr_entry_lakeside, minmay_elf_sorcery, door_vault
Elf:2:    layout_loops_corners, corexii_leaking_fountain, nicolae_elf_w_pinch,
          elves_outpost_lemuel, uniq_asterion
Elf:3:    grunt_elf_hall_branching, layout_geoelf_castle,
          portal_ice_cave_entry_pillars_2
IceCv:    ice_cave_caverns_01

Skill      XL: |  1  2  3  4  5  6  7  8  9 10 11 12 13 14 15 16 17 18 |
---------------+-------------------------------------------------------+-----
Fighting       | 4 5 6 7 9 11 12 13 14 16 18 | 18.3
Maces & Flails | 4 5 6 8 10 11 12 14 15 16 | 16.2
Armour         | 6 8 10 11 | 11.6
Dodging        | 4 5 6 8 |  8.0
Shields        | 7 12 14 15 | 15.0
Throwing       | 4 7 8 |  8.1
Stealth        | 4 6 |  6.9

Action                   |  1- 3 |  4- 6 |  7- 9 | 10-12 | 13-15 | 16-18 || total
-------------------------+-------+-------+-------+-------+-------+-------++-------
Melee: Mace              |   136 |    45 |   218 |   699 |  1109 |       ||  2207
       Club              |       |   122 |    55 |       |       |       ||   177
       Morningstar       |       |       |       |       |   705 |  1049 ||  1754
Throw: Dart              |       |       |    34 |    45 |    78 |    86 ||   243
       Throwing net      |       |       |       |     1 |       |       ||     1
Invok: Berserk           |     2 |     3 |     4 |     5 |     2 |       ||    16
       Trog's Hand       |       |       |     1 |     1 |       |       ||     2
       Brothers in Arms  |       |       |       |     1 |    13 |     7 ||    21
 Abil: Evoke Blink       |       |       |       |       |     1 |       ||     1
       Fly               |       |       |       |       |     1 |       ||     1
       Stop Flying       |       |       |       |       |     1 |       ||     1
Evoke: Wand              |       |       |       |       |       |    15 ||    15
  Use: Scroll            |       |       |    11 |    11 |    11 |    13 ||    46
       Potion            |       |       |       |       |     2 |     3 ||     5
 Stab: Sleeping          |       |     1 |       |       |       |       ||     1
       Confused          |       |       |       |       |       |     1 ||     1
  Eat: Chunk             |     4 |     8 |    11 |    19 |    21 |    13 ||    76
       Ration            |       |     1 |     1 |     3 |    10 |     6 ||    21
Armor: Animal skin       |    46 |    70 |     7 |       |       |       ||   123
       Scale mail        |       |       |   157 |   308 |   572 |   315 ||  1352
Dodge: Dodged            |    93 |   134 |   131 |   240 |   492 |   226 ||  1316
Block: Shield            |       |       |       |       |   937 |   563 ||  1500
       Reflection        |       |       |       |       |    66 |    43 ||   109
